 Dungeon Crawl Stone Soup version 0.18.1-50-g88ac8fd (webtiles) character file.

16037 magog001 the Blocker (level 12, -2/106 HPs)
             Began as a Minotaur Fighter on Jan 13, 2017.
             Killed by divine providence
             ... invoked by a smoke demon
             ... summoned by an orc sorcerer
             ... led by an orc warlord
              (10 damage)
             ... on level 1 of the Orcish Mines.
             The game lasted 01:13:18 (12023 turns).

magog001 the Blocker (Minotaur Fighter)            Turns: 12023, Time: 01:13:18

Health: -2/106     AC: 30    Str: 26    XL:     12   Next: 6%
Magic:  11/11      EV:  9    Int:  5    God:
Gold:   31         SH: 14    Dex: 10    Spells: 0 memorised, 11 levels left

rFire  . . .     SeeInvis .     u - +5 mace (protect)
rCold  . . .     Gourm    .     o - +0 crystal plate armour
rNeg   + . .     Faith    .     c - +0 shield
rPois  .         Spirit   .     (helmet restricted)
rElec  .         Dismiss  .     Q - +2 cloak
rCorr  .         Reflect  .     (no gloves)
SustAt .         Harm     .     (no boots)
MR     .....                    (no amulet)
Stlth  ..........               i - +2 ring of evasion
                                g - ring of positive energy

@: not resistant to hostile enchantments, extremely unstealthy
A: retaliatory headbutt, horns 2
a: no special abilities


You were on level 1 of the Orcish Mines.
You were not hungry.

You visited 2 branches of the dungeon, and saw 13 of its levels.
You visited the Abyss 1 time.

You collected 1061 gold pieces.
You spent 1030 gold pieces at shops.

Inventory:

Hand Weapons
 a - the +2 trident of Articulation {pierce, +Fly rPois}
   (You found it on level 6 of the Dungeon)

   It inflicts extra damage upon your enemies.
   It protects you from poison.
   It lets you fly.
 u - a +5 mace of protection (weapon)
 L - a +0 scimitar of flaming
 R - a +0 blowgun
Missiles
 d - 5 javelins
 e - 18 poisoned needles
 p - 15 tomahawks (quivered)
Armour
 c - a +0 shield (worn)
 o - a +0 crystal plate armour (worn)
 Q - a +2 cloak (worn)
Jewellery
 g - a ring of positive energy (left hand)
 i - a +2 ring of evasion (right hand)
Wands
 b - a wand of slowing (23/48)
 C - a wand of flame (37/48)
 J - a wand of disintegration (5/24)
 S - a wand of confusion (13/48)
Scrolls
 h - 2 scrolls of immolation
 m - a scroll of blinking
 q - a scroll of fear
 v - 4 scrolls of teleportation
 x - 2 scrolls of remove curse
 y - a scroll of amnesia
 M - 6 scrolls of magic mapping
Potions
 k - a potion of curing
 l - 2 potions of lignification
 n - 2 potions of brilliance
 A - a potion of berserk rage
 B - 3 potions of flight
 I - a potion of degeneration {unknown}
 K - a potion of heal wounds {unknown}
 P - a potion of invisibility {unknown}
Books
 j - Sif Muna's Volume of Attacks
   (You found it on level 1 of the Orcish Mines)

   Spells                             Type                      Level
   a - Sting                          Conjuration/Poison           1
 t - an Akashic Record

   Spells                             Type                      Level
   a - Dispersal                      Translocation                6
   b - Malign Gateway                 Summoning/Translocation      7
   c - Disjunction                    Translocation                8
   d - Controlled Blink               Translocation                8
Miscellaneous
 N - a phantom mirror
Comestibles
 f - 12 bread rations
 r - 10 slices of pizza
 w - 6 meat rations
 z - 9 beef jerkies


   Skills:
 * Level 9.6 Fighting
   Level 3.4(5.8) Axes
 + Level 7.3(7.7) Maces & Flails
 + Level 0.2(2.1) Polearms
 * Level 11.9 Armour
 * Level 6.9 Dodging
 * Level 14.7 Shields
 + Level 1.2 Evocations


You had 11 spell levels left.
You didn't know any spells.

Dungeon Overview and Level Annotations

Branches:
Dungeon (11/15)            Temple (0/1) D:4            Lair (0/8) D:11
    Orc (2/2) D:11            Elf (0/3) Orc:2

Altars:
Sif Muna
Vehumet
Xom

Shops:
D:4 *   D:7 *   Orc:1 *

Portals:
Trove: D:11 (show abyssal rune of Zot)

Annotations:
Orc:2 magog001's ghost, journeyman DsGl


Innate Abilities, Weirdness & Mutations

You reflexively headbutt those who attack you in melee.
You have a pair of horns on your head.


Message History

The orc warrior hits you with a long sword!!
* * * LOW HITPOINT WARNING * * *
The smoke demon hits you but does no damage. x3
You can move again.
You block the orc's attack.
The orc warrior hits you with a long sword!
* * * LOW HITPOINT WARNING * * *
The orc sorcerer gestures at you while chanting.
You resist with some effort. You block the orc's attack.
The warg bites you but does no damage.
Drink which item? (? for menu, Esc to quit)
You feel better.
The orc wizard gestures at you while chanting.
The magic dart hits you! The orc hits you.
* * * LOW HITPOINT WARNING * * *
You block the orc's attack. The warg bites you but does no damage.
The orc wizard hits you but does no damage.
The smoke demon gestures at you. Something smites you!
You die...

#≈≈≈##......#
#...##......##
#...##.......##
###)###...[[...#
#.8.8.#...[>).##
#.._..#...)....#
##...##.......##
##.##ooo......#
#...@oooo..#.##
##.#ho3oo...##
#.>...oo.....##
#........#....#
##.##........##
####........##
##.#......#
#####...## ##.##


You could see an orc warlord, a smoke demon, a warg, 2 orc sorcerers, 5 orc
warriors, an orc wizard and 3 orcs.

Vanquished Creatures
  Erolcha (D:10)
  2 thrashing horrors (Abyss:2)
  Urug (D:10)
  An unseen horror (D:10)
  Pikel (D:6)
  A hill giant (D:11)
  An ugly thing (D:11)
  Joseph (D:10)
  Maurice (D:10)
  An elephant (D:11)
  An apocalypse crab (Abyss:2)
  An efreet (D:9)
  A komodo dragon (D:11)
  An ancient zyme (Abyss:2)
  5 trolls
  2 two-headed ogres
  2 wyverns (D:10)
  7 yaks
  A human (D:7)
  A steam dragon (D:10)
  3 hippogriffs
  2 mottled dragons
  2 wargs
  A water moccasin (D:9)
  A soldier ant (D:11)
  6 orc warriors
  4 phantoms
  A sky beast (D:6)
  2 slaves (D:6)
  A necrophage (D:9)
  4 ice beasts
  A wasp (D:9)
  2 centaurs
  5 ogres
  A crocodile (D:11)
  A big kobold (D:11)
  3 giant frogs
  A wyvern zombie (D:9)
  A gnoll sergeant (D:9)
  4 scorpions
  6 killer bees (D:7)
  13 wights
  10 howler monkeys
  3 crimson imps
  A giant frog zombie (D:8)
  A giant frog skeleton (D:8)
  5 hounds
  2 centaur skeletons
  An orc priest (D:11)
  A jelly (D:10)
  Crazy Yiuf (D:6)
  15 orc wizards
  3 iguanas
  4 worker ants
  4 sheep
  A hound skeleton (D:10)
  A howler monkey zombie (D:6)
  3 gnolls (D:11)
  12 adders
  2 shadow imps (D:11)
  3 adder skeletons
  2 worms
  3 giant geckos
  30 orcs
  A ball python (D:2)
  6 bats
  3 giant cockroaches
  10 goblins
  11 hobgoblins
  20 jackals
  2 quokkas
  6 giant newts
  A jackal zombie (D:5)
  14 kobolds
  A quokka zombie (D:8)
  3 rats
284 creatures vanquished.

Vanquished Creatures (others)
  A jackal (D:6)
  A lurking horror (Abyss:2)
2 creatures vanquished.

Grand Total: 286 creatures vanquished

Notes
Turn   | Place    | Note
--------------------------------------------------------------
     0 | D:1      | magog001 the Minotaur Fighter began the quest for the Orb.
     0 | D:1      | Reached XP level 1. HP: 19/19 MP: 0/0
   185 | D:1      | Reached XP level 2. HP: 25/27 MP: 1/1
   321 | D:1      | Reached skill level 4 in Shields
   569 | D:1      | Reached XP level 3. HP: 33/33 MP: 2/2
  1142 | D:2      | Reached skill level 1 in Dodging
  1145 | D:2      | Reached XP level 4. HP: 40/40 MP: 3/3
  1533 | D:2      | Found a radiant altar of Vehumet.
  2085 | D:3      | Reached skill level 5 in Shields
  2436 | D:4      | Noticed a phantom
  2464 | D:4      | Killed a phantom
  2464 | D:4      | Reached skill level 5 in Armour
  2464 | D:4      | Reached XP level 5. HP: 45/47 MP: 4/4
  2677 | D:4      | Found Daniligh's General Store.
  2696 | D:4      | Bought a slice of pizza for 16 gold pieces
  2696 | D:4      | Bought a scroll of remove curse for 33 gold pieces
  2931 | D:4      | Reached XP level 6. HP: 53/53 MP: 5/5
  2956 | D:4      | Found a staircase to the Ecumenical Temple.
  3047 | D:4      | Reached skill level 6 in Shields
  3209 | D:5      | Entered Level 5 of the Dungeon
  3329 | D:5      | Reached skill level 1 in Maces & Flails
  3388 | D:5      | Reached skill level 5 in Fighting
  3388 | D:5      | Reached XP level 7. HP: 61/61 MP: 6/6
  3988 | D:6      | Found a shimmering altar of Xom.
  4028 | D:6      | Noticed Pikel
  4039 | D:6      | Killed Pikel
  4039 | D:6      | Reached skill level 8 in Shields
  4039 | D:6      | Reached XP level 8. HP: 53/70 MP: 7/7
  4380 | D:6      | Noticed Crazy Yiuf
  4384 | D:6      | Killed Crazy Yiuf
  4384 | D:6      | Reached skill level 9 in Shields
  4678 | D:6      | Got a bloodstained trident
  4679 | D:6      | Identified the +2 trident of Articulation {pierce, +Fly rPois} (You found it on level 6 of the Dungeon)
  4993 | D:7      | Reached XP level 9. HP: 64/75 MP: 8/8
  5014 | D:7      | Reached skill level 10 in Shields
  5505 | D:7      | Found Jithrown's General Store.
  5516 | D:7      | Bought a royal jelly for 32 gold pieces
  6307 | D:8      | Reached skill level 11 in Shields
  6660 | D:9      | Noticed a troll
  6671 | D:9      | Killed a troll
  6671 | D:9      | Reached skill level 5 in Maces & Flails
  6671 | D:9      | Reached XP level 10. HP: 80/86 MP: 9/9
  6905 | D:9      | Reached skill level 5 in Dodging
  6929 | D:9      | Identified the Incunabulum of Calling and Attacks
  6993 | D:9      | Reached skill level 12 in Shields
  7251 | D:9      | Found Pomod's Food Boutique.
  7277 | D:9      | Bought a bread ration for 60 gold pieces
  7277 | D:9      | Bought a bread ration for 60 gold pieces
  7277 | D:9      | Bought a bread ration for 60 gold pieces
  7277 | D:9      | Bought a beef jerky for 18 gold pieces
  7277 | D:9      | Bought a beef jerky for 18 gold pieces
  7277 | D:9      | Bought a meat ration for 60 gold pieces
  7277 | D:9      | Bought a bread ration for 60 gold pieces
  7277 | D:9      | Bought a bread ration for 60 gold pieces
  7277 | D:9      | Bought a bread ration for 60 gold pieces
  7277 | D:9      | Bought a beef jerky for 18 gold pieces
  7277 | D:9      | Bought a bread ration for 60 gold pieces
  7659 | D:10     | Entered Level 10 of the Dungeon
  7877 | D:10     | Noticed Erolcha
  7887 | D:10     | Cast into level 2 of the Abyss (Erolcha)
  7924 | Abyss:2  | Noticed an apocalypse crab
  7938 | Abyss:2  | Noticed a thrashing horror
  7939 | Abyss:2  | Noticed a thrashing horror
  7940 | Abyss:2  | Killed an apocalypse crab
  7940 | Abyss:2  | Reached skill level 10 in Armour
  7951 | Abyss:2  | Killed a thrashing horror
  7971 | Abyss:2  | Reached skill level 13 in Shields
  7973 | Abyss:2  | Killed a thrashing horror
  7981 | D:10     | Escaped the Abyss
  7998 | D:10     | Killed Erolcha
  7998 | D:10     | Reached XP level 11. HP: 28/95 MP: 10/10
  8365 | D:10     | Noticed Joseph
  8367 | D:10     | Noticed Maurice
  8415 | D:10     | Killed Joseph
  8499 | D:10     | Noticed Urug
  8532 | D:10     | Killed Urug
  8532 | D:10     | Reached skill level 1 in Evocations
  8737 | D:10     | Killed Maurice
  9043 | D:10     | Killed an unseen horror
  9296 | D:11     | Noticed a white ugly thing
  9310 | D:11     | Killed a white ugly thing
  9310 | D:11     | Reached skill level 14 in Shields
  9638 | D:11     | Found a portal to a secret trove of treasure.
  9880 | D:11     | Noticed a hill giant
  9890 | D:11     | Killed a hill giant
 10035 | D:11     | Found a staircase to the Lair.
 10133 | D:11     | Found a staircase to the Orcish Mines.
 10535 | Orc:1    | Entered Level 1 of the Orcish Mines
 10575 | D:11     | Reached XP level 12. HP: 65/105 MP: 11/11
 10831 | Orc:1    | Found a deep blue altar of Sif Muna.
 10863 | Orc:1    | Found Bemmycw's Assorted Antiques.
 10887 | Orc:1    | Bought a scroll labeled GEULU POTEIHO for 27 gold pieces
 10887 | Orc:1    | Bought a scroll of identify for 54 gold pieces
 10887 | Orc:1    | Bought 3 scrolls of magic mapping for 283 gold pieces
 10887 | Orc:1    | Bought a fuming grey potion for 24 gold pieces
 10887 | Orc:1    | Bought a scroll labeled VIVOTUI EZEAW for 27 gold pieces
 10966 | Orc:1    | Identified Sif Muna's Volume of Attacks (You found it on level 1 of the Orcish Mines)
 10992 | Orc:2    | Entered Level 2 of the Orcish Mines
 10992 | Orc:2    | Found a staircase to the Elven Halls.
 10992 | Orc:2    | Noticed magog001's ghost (journeyman DsGl)
 12014 | Orc:1    | Noticed an orc warlord
 12018 | Orc:1    | Paralysed by an orc sorcerer for 3 turns
 12023 | Orc:1    | Killed from afar by a smoke demon

Skill      XL: |  1  2  3  4  5  6  7  8  9 10 11 |
---------------+----------------------------------+-----
Armour         | 4 5 6 7 9 10 11 | 11.9
Shields        | 4 5 6 8 9 11 13 14 | 14.7
Fighting       | 4 5 6 7 8 9 |  9.6
Axes           | 3 |  3.4
Dodging        | 1 2 3 4 6 |  6.9
Maces & Flails | 1 2 3 5 7 |  7.3
Evocations     | 1 |  1.2
Polearms       | |  0.2

Action                   |  1- 3 |  4- 6 |  7- 9 | 10-12 || total
-------------------------+-------+-------+-------+-------++-------
Melee: War axe           |    99 |    74 |       |       ||   173
       Headbutt          |    14 |    23 |    71 |   129 ||   237
       Long sword        |       |    17 |       |       ||    17
       Mace              |       |    80 |   354 |   573 ||  1007
       Trident           |       |       |       |     8 ||     8
 Abil: Evoke Flight      |       |       |     1 |     1 ||     2
       Stop Flying       |       |       |     1 |       ||     1
Evoke: Wand              |       |       |     1 |    17 ||    18
  Use: Scroll            |     4 |     6 |     8 |    12 ||    30
       Potion            |       |       |       |     7 ||     7
  Eat: Chunk             |     1 |     4 |     8 |     8 ||    21
       Bread ration      |       |     1 |       |     1 ||     2
       Royal jelly       |       |       |     1 |     1 ||     2
       Fruit             |       |       |       |     3 ||     3
       Meat ration       |       |       |       |     1 ||     1
Armor: Scale mail        |    49 |       |       |       ||    49
       Crystal plate arm |     9 |   149 |   278 |   435 ||   871
       Skin              |       |       |       |    10 ||    10
Dodge: Dodged            |    45 |    26 |    83 |   171 ||   325
Block: Shield            |    59 |   119 |   258 |   488 ||   924
